 Dungeon Crawl Stone Soup version 0.31-a0-700-gf13585253f (webtiles) character file.

Game seed: 2913401947829565370

61 qw the Shooter (level 4, -1/28 HPs)
             Began as a Gargoyle Hunter on Sept 7, 2023.
             Slain by Sigmund
             ... wielding a +0 scythe
              (5 damage)
             ... on level 2 of the Dungeon.
             The game lasted 00:00:49 (1348 turns).

qw the Shooter (Gargoyle Hunter)                    Turns: 1348, Time: 00:00:49

Health: -1/28      AC:  9    Str: 15    XL:     4   Next: 7%
Magic:  4/4        EV: 11    Int:  9    God:
Gold:   79         SH:  0    Dex: 15    Spells: 3/3 levels left

rFire   . . .        Y - +0 shortbow
rCold   . . .        (shield currently unavailable)
rNeg    + . .        h - +0 ring mail
rPois   inf          (no helmet)
rElec   +            (no cloak)
rCorr   .            i - +0 pair of gloves
SInv    .            (no boots)
Will    .....        (no amulet)
Stlth   +            (no ring)
HPRegen 0.24/turn    (no ring)
MPRegen 0.09/turn

%: no passive effects
@: about to teleport
A: sickness immunity, AC +3, negative energy resistance 1, electricity
resistance, torment resistance 1, petrification resistance
a: no special abilities


You were on level 2 of the Dungeon.
You visited 1 branch of the dungeon, and saw 3 of its levels.

You collected 79 gold pieces.


Innate Abilities, Weirdness & Mutations

You are immune to sickness and miasma.
Your stone body is resilient. (AC +3)
You are immune to poison.
You resist negative energy. (rN+)
You are resistant to electric shocks. (rElec)
You are resistant to unholy torment.
You are immune to petrification.


   Skills:
 - Level 3.0 Fighting
 + Level 5.0 Ranged Weapons
 - Level 1.0 Armour
 - Level 1.5 Dodging
 - Level 1.1 Stealth


You had 3 spell levels left.
You didn't know any spells.
Your spell library was empty.

Inventory:

Hand Weapons
 Y - a +0 shortbow (weapon)
Armour
 h - a +0 ring mail (worn)
 i - a +0 pair of gloves (worn)
Scrolls
 a - a scroll of teleportation
Potions
 d - a potion of heal wounds {unknown}
 j - a potion of mutation {unknown}
 k - a potion of berserk rage {unknown}

Dungeon Overview and Level Annotations

Branches:
Dungeon (3/15)

Altars:

Annotations:
D:2 Sigmund


Message History

Sigmund is severely wounded.
Sigmund barely misses you.
You shoot an arrow. The arrow hits Sigmund.
Sigmund is almost dead.
Sigmund casts a spell at you.
You are confused.
Sigmund hits you from afar with a +0 scythe.
Sigmund gestures at you while chanting. You resist with some effort.
Sigmund hits you from afar with a +0 scythe.
Sigmund misses you.
You feel less confused.
You shoot an arrow.
The arrow hits Sigmund but does no damage.
Sigmund is severely wounded.
Sigmund hits you but does no damage.
You shoot an arrow. The arrow closely misses Sigmund.
Sigmund casts a spell at you. You resist with some effort.
You shoot an arrow. The arrow hits Sigmund.
Sigmund is almost dead.
Sigmund hits you from afar with a +0 scythe.
A kobold comes into view. It is wielding a +0 whip.
You shoot an arrow. The arrow closely misses Sigmund.
Sigmund closely misses you.
You shoot an arrow. The arrow hits the kobold.
The kobold is moderately wounded.
The kobold hits you but does no damage. Sigmund gestures at you while chanting.
The puff of flame hits you!
You shoot an arrow. The arrow completely misses the kobold.
The kobold closely misses you.
Sigmund hits you from afar with a +0 scythe.
1348 ||| READING 2 scrolls of teleportation.
As you read the scroll of teleportation, it crumbles to dust.
You feel strangely unstable. The kobold hits you but does no damage.
Sigmund hits you from afar with a +0 scythe.
You die...
Sigmund begins carving another notch in his scythe.

#.##.#.# #.##.#.###
... .#.#.#>.. ...
###..#.###.##. #.# #
##.......... ..#
##..###.## #.# #
##.#.# #.# ###@#
###.##.# #.# #...#
%#.....# #.# #.#@#
#..###.# #.# #.K.#
##.# #.# #.# #.### #.#
#.# #.###.## #.#
#.###.##...#####
##.###[...............
).......#####.........
##.####.######.####...
#............... ##


You could see Sigmund and a kobold.

Vanquished Creatures
  An adder (D:2)
  3 dart slugs
  7 ball pythons (D:1)
  3 endoplasms
  A giant cockroach (D:3)
  A goblin (D:1)
  9 hobgoblins
  A jackal (D:1)
  2 quokkas
  5 bats
  3 frilled lizards (D:1)
  3 kobolds (D:1)
  4 rats
43 creatures vanquished.

Notes
Turn   | Place    | Note
-------+----------+-------------------------------------------
     0 | D:1      | qw the Gargoyle Hunter began the quest for the Orb.
     0 | D:1      | Reached XP level 1. HP: 12/12 MP: 1/1
     0 | D:1      | 0 ||| qw: Version: 0.3-a-76-g4403597
     0 | D:1      | 0 ||| qw: Game counter: 534
     0 | D:1      | 0 ||| qw: Melee chars always use a shield: true
     0 | D:1      | 0 ||| qw: God list: Okawaru
     0 | D:1      | 0 ||| qw: Allow faded altars: false
     0 | D:1      | 0 ||| qw: Do Orc after clearing Dungeon:15 true
     0 | D:1      | 0 ||| qw: Do second Lair branch before Depths: true
     0 | D:1      | 0 ||| qw: Lair rune preference: random
     0 | D:1      | 0 ||| qw: Goals: Normal
     0 | D:1      | 0 ||| PLANNING D:1-11
   115 | D:1      | Reached XP level 2. HP: 15/17 MP: 2/2
   376 | D:1      | Reached XP level 3. HP: 21/21 MP: 3/3
   623 | D:1      | You fall into a shaft and drop 1 floor!
   644 | D:2      | 644 ||| UPGRADING to +0 ring mail.
   677 | D:2      | 677 ||| DROPPING +0 leather armour.
   678 | D:2      | 678 ||| UPGRADING to +0 pair of gloves.
   733 | D:2      | 733 ||| DROPPING amulet of magic regeneration.
   734 | D:2      | 734 ||| DROPPING ring of flight.
   735 | D:2      | 735 ||| READING 3 scrolls labelled NUVOEJERUI.
   739 | D:2      | 739 ||| READING scroll labelled OVIMMU FAFUOFI.
   740 | D:2      | 740 ||| READING 2 scrolls labelled RIHOGU FAEPN.
   741 | D:2      | 741 ||| DROPPING scroll of butterflies.
   742 | D:2      | 742 ||| DROPPING scroll of fear.
   743 | D:2      | 743 ||| Stepping randomly (stuck).
   744 | D:2      | 744 ||| Stepping randomly (stuck).
   745 | D:2      | 745 ||| Stepping randomly (stuck).
   746 | D:2      | 746 ||| Stepping randomly (stuck).
   747 | D:2      | 747 ||| Stepping randomly (stuck).
   748 | D:2      | 748 ||| Stepping randomly (stuck).
   749 | D:2      | 749 ||| Stepping randomly (stuck).
   750 | D:2      | 750 ||| Stepping randomly (stuck).
   751 | D:2      | 751 ||| Stepping randomly (stuck).
   752 | D:2      | 752 ||| Stepping randomly (stuck).
   753 | D:2      | 753 ||| Stepping randomly (stuck).
   754 | D:2      | 754 ||| Stepping randomly (stuck).
   755 | D:2      | 755 ||| Stepping randomly (stuck).
   756 | D:2      | 756 ||| Stepping randomly (stuck).
   757 | D:2      | 757 ||| Stepping randomly (stuck).
   758 | D:2      | 758 ||| Stepping randomly (stuck).
   759 | D:2      | 759 ||| Stepping randomly (stuck).
   760 | D:2      | 760 ||| Stepping randomly (stuck).
   761 | D:2      | 761 ||| Stepping randomly (stuck).
   762 | D:2      | 762 ||| Stepping randomly (stuck).
   763 | D:2      | 763 ||| Stepping randomly (stuck).
   764 | D:2      | 764 ||| Stepping randomly (stuck).
   781 | D:3      | Reached skill level 1 in Armour
   819 | D:3      | Reached skill level 5 in Ranged Weapons
   856 | D:3      | 856 ||| READING scroll labelled JAEFUV HUATURPH.
   860 | D:3      | 860 ||| FLEEEEING.
   861 | D:3      | 861 ||| FLEEEEING.
   862 | D:3      | 862 ||| STAIRDANCE
  1098 | D:1      | 1098 ||| READING scroll labelled FAEFEZU YNTU.
  1099 | D:1      | 1099 ||| READING scroll labelled MADASYNAUPS.
  1229 | D:2      | Reached skill level 3 in Fighting
  1229 | D:2      | Reached XP level 4. HP: 28/28 MP: 4/4
  1323 | D:2      | Noticed Sigmund
  1347 | D:2      | HP: 4/28 [Sigmund/+0 scythe (5)]
  1348 | D:2      | 1348 ||| READING 2 scrolls of teleportation.
  1348 | D:2      | Slain by Sigmund

Levels and vault maps discovered:
D:1:      eino_arrival_druids_welcome, layout_basic, minmay_nonomino_d4
D:2:      layout_loops_ring, basic_altar, minmay_misc_feat_cross,
          minmay_misc_feat_square, nicolae_the_louvre, uniq_sigmund
D:3:      layout_rooms

Skill      XL: |  1  2  3 |
---------------+----------+-----
Armour         | 1 |  1.0
Ranged Weapons | 5 |  5.0
Fighting       | 3 |  3.0
Dodging        | |  1.5
Stealth        | |  1.1

Action                     |  1- 3 |  4- 6 || total
---------------------------+-------+-------++-------
   Fire: Shortbow          |   131 |    18 ||   149
    Use: Scroll            |     6 |     1 ||     7
 Armour: Leather armour    |    16 |       ||    16
         Ring mail         |    27 |    12 ||    39
  Dodge: Dodged            |    32 |     6 ||    38

Table legend:
 A = Non-vault XP
 B = Vault XP
 C = Vault XP percentage of total XP
 D = Non-vault monster count
 E = Vault monster count
 F = Vault count percentage of total count
                 A         B        C        D         E       F
            +---------+---------+-------+---------+---------+-------
      Total |      77 |      11 |  12.5 |      38 |       5 |  11.6
            +---------+---------+-------+---------+---------+-------
        D:1 |      44 |      11 |  20.0 |      27 |       5 |  15.6
        D:2 |      25 |       0 |   0.0 |       8 |       0 |   0.0
        D:3 |       8 |       0 |   0.0 |       3 |       0 |   0.0
            +---------+---------+-------+---------+---------+-------
